 Dungeon Crawl Stone Soup version 0.19.5 (webtiles) character file.

147 Jynx the Cudgeler (level 5, -14/47 HPs)
             Began as a Minotaur Fighter on Mar 1, 2017.
             Demolished by an ogre
             ... wielding a +0 giant spiked club
              (20 damage)
             ... on level 4 of the Dungeon.
             The game lasted 00:03:23 (2533 turns).

Jynx the Cudgeler (Minotaur Fighter)                Turns: 2533, Time: 00:03:24

Health: -14/47     AC:  8    Str: 21    XL:     5   Next: 8%
Magic:  4/4        EV:  7    Int:  5    God:
Gold:   115        SH:  9    Dex: 10    Spells: 0 memorised, 4 levels left

rFire  . . .     SeeInvis .     y - +1 flail (holy)
rCold  . . .     Gourm    .     b - +0 scale mail
rNeg   . . .     Faith    .     c - +0 shield
rPois  .         Spirit   .     (helmet restricted)
rElec  .         Reflect  .     (no cloak)
rCorr  .         Harm     .     A - +0 pair of gloves (curse)
MR     .....                    (no boots)
Stlth  ..........               (no amulet)
                                (no ring)
                                (no ring)

@: drained
A: retaliatory headbutt, horns 2
a: no special abilities


You were on level 4 of the Dungeon.
You were hungry.

You visited 1 branch of the dungeon, and saw 4 of its levels.

You collected 115 gold pieces.

Inventory:

Hand Weapons
 a - a +0 flail
 y - a +1 flail of holy wrath (weapon)
Armour
 b - a +0 scale mail (worn)
 c - a +0 shield (worn)
 A - a cursed +0 pair of gloves (worn)
Jewellery
 m - an uncursed ring of poison resistance {unknown}
 s - a +2 ring of protection {unknown}
Wands
 D - a wand of random effects (25/48)
Scrolls
 g - a scroll of blinking {unknown}
 i - 4 scrolls of identify {unknown}
 j - a scroll of remove curse {unknown}
 k - 2 scrolls of enchant weapon {unknown}
 l - a scroll of immolation {unknown}
 n - a scroll of random uselessness {unknown}
 o - a scroll of magic mapping {unknown}
 r - 2 scrolls of noise {unknown}
 u - a scroll of teleportation {unknown}
 x - a scroll of fear {unknown}
Potions
 d - a potion of might
 e - 2 potions of curing {unknown}
 h - 3 potions of berserk rage {unknown}
 v - a potion of cure mutation {unknown}
 w - a potion of magic {unknown}
 z - a potion of flight {unknown}
 B - a potion of cancellation {unknown}
Comestibles
 f - 3 bread rations
 p - a slice of pizza
 q - 2 beef jerkies
 t - a meat ration


   Skills:
 + Level 4.9 Fighting
 * Level 5.4 Maces & Flails
 - Level 3.6 Armour
 - Level 3.6 Shields


You had 4 spell levels left.
You didn't know any spells.

Dungeon Overview and Level Annotations

Branches:
Dungeon (4/15)
 Temple: D:4-7

Altars:
Fedhas
Makhleb
Qazlal
Vehumet
Xom


Innate Abilities, Weirdness & Mutations

You reflexively headbutt those who attack you in melee.
You have a pair of horns on your head.


Message History

The ogre is moderately wounded.
You block the ogre's attack.
You barely miss the ogre.
You headbutt the ogre, but do no damage.
The ogre is moderately wounded.
The ogre hits you with a giant spiked club.
* * * LOW HITPOINT WARNING * * *
You hit the ogre but do no damage. You headbutt the ogre.
The ogre is heavily wounded.
You hit the ogre.
The ogre is severely wounded.
The ogre hits you with a giant spiked club.
* * * LOW HITPOINT WARNING * * *
You hit the ogre but do no damage.
The ogre is severely wounded.
You block the ogre's attack.
You closely miss the ogre.
The ogre is severely wounded.
The ogre hits you with a giant spiked club!!
You die...

#.####..## #.# #.# #
### #.####..# ..#
###.......# #.#
#....###.## .#####.#
#.##.#
.......######.##.###
#..$O@...........
#..######.##..#..
#..# #.##..# ....#
#.##..# ####.. ...
... #.# ### ... #.#
#..


You could see an ogre.

Vanquished Creatures
  Terence (D:2)
  A gnoll (D:1)
  2 adders
  2 worms (D:2)
  2 dart slugs
  4 leopard geckos
  3 orcs
  4 ball pythons
  2 giant cockroaches (D:1)
  8 goblins
  8 hobgoblins
  8 jackals
  9 kobolds
  4 bats
  4 frilled lizards
  15 rats
77 creatures vanquished.

Notes
Turn   | Place    | Note
-------+----------+-------------------------------------------
     0 | D:1      | Jynx the Minotaur Fighter began the quest for the Orb.
     0 | D:1      | Reached XP level 1. HP: 19/19 MP: 0/0
   269 | D:1      | Reached skill level 3 in Maces & Flails
   308 | D:1      | Reached XP level 2. HP: 27/27 MP: 1/1
   593 | D:1      | Reached skill level 4 in Maces & Flails
   593 | D:1      | Reached XP level 3. HP: 30/33 MP: 2/2
  1182 | D:2      | Reached XP level 4. HP: 40/41 MP: 3/3
  1183 | D:2      | Noticed Terence
  1194 | D:2      | Killed Terence
  1242 | D:2      | Reached skill level 5 in Maces & Flails
  1785 | D:3      | Found a faded altar of an unknown god.
  1785 | D:3      | Found a blossoming altar of Fedhas.
  1790 | D:3      | Found a radiant altar of Vehumet.
  1792 | D:3      | Found a faded altar of an unknown god.
  1795 | D:3      | Found a stormy altar of Qazlal.
  2247 | D:3      | Reached XP level 5. HP: 46/47 MP: 4/4
  2372 | D:3      | Found a shimmering altar of Xom.
  2462 | D:3      | Found a burning altar of Makhleb.
  2516 | D:4      | Noticed an ogre
  2533 | D:4      | Demolished by an ogre

Skill      XL: |  1  2  3  4 |
---------------+-------------+-----
Maces & Flails | 3 4 5 |  5.4
Fighting       | 4 |  4.9
Armour         | |  3.6
Shields        | |  3.6

Action                   |  1- 3 |  4- 6 || total
-------------------------+-------+-------++-------
Melee: Flail             |   137 |    87 ||   224
       Headbutt          |    18 |    11 ||    29
  Eat: Chunk             |     1 |     4 ||     5
Armor: Scale mail        |    55 |    32 ||    87
Dodge: Dodged            |    29 |    29 ||    58
Block: Shield            |    61 |    31 ||    92
